 Dungeon Crawl Stone Soup version 0.17.0-18-gaab0e96 (webtiles) character file.

27878 septik the Fighter (level 13, 86/88 HPs)
             Began as a Gargoyle Fighter on Nov 12, 2015.
             Was an Initiate of Gozag.
             Starved to death
             ... while paralysed
             ... in a labyrinth.
             The game lasted 00:48:17 (14369 turns).

septik the Fighter (Gargoyle Fighter)              Turns: 14369, Time: 00:48:17

Health: 86/88      AC: 29    Str: 20    XL:     13   Next: 35%
Magic:  13/13      EV:  2    Int: 10    God:    Gozag
Gold:   2671       SH:  0    Dex: 13    Spells: 0 memorised, 12 levels left

rFire  . . .     SeeInvis .     j - +4 glaive (freeze)
rCold  . . .     Clarity  .     b - -1 scale mail (curse)
rNeg   + + .     SustAt   +     (shield currently unavailable)
rPois  ∞         Gourm    .     a - +0 helmet
rElec  +         Spirit   .     D - +2 cloak
rCorr  .         Warding  +     (no gloves)
rMut   .         Stasis   .     h - +1 pair of boots
MR     .....                    V - amulet of warding
Stlth  ..........               L - ring of sustain attributes
                                K - +4 ring of protection

@: paralysed, fainting, studying Polearms, not resistant to hostile
enchantments, extremely unstealthy
A: negative energy resistance 1, electricity resistance, unbreathing,
petrification resistance, rot immunity, AC +9
a: Potion Petition, Call Merchant, Bribe Branch, Renounce Religion


You were in a labyrinth.
You worshipped Gozag.
Gozag was noncommittal.
You were fainting.

You visited 2 branches of the dungeon, and saw 13 of its levels.
You also visited: Labyrinth, Sewer and Ice Cave.

You collected 3546 gold pieces.
You spent 200 gold pieces at shops.
You paid 675 gold pieces to Gozag.

Inventory:

Hand Weapons
 j - a +4 glaive of freezing (weapon)
Missiles
 f - 395 stones (quivered)
 U - 2 throwing nets
Armour
 a - a +0 helmet (worn)
 b - a cursed -1 scale mail (worn)
 h - a +1 pair of boots (worn)
 D - a +2 cloak (worn)
 G - a +0 plate armour
Jewellery
 q - an uncursed ring of flight {unknown}
 K - a +4 ring of protection (left hand)
 L - a ring of sustain attributes (right hand)
 Q - an uncursed amulet of clarity
 V - an amulet of warding (around neck)
Scrolls
 e - a scroll of enchant weapon
 i - a scroll of brand weapon {unknown}
 k - a scroll of amnesia
 l - 6 scrolls of fog
 m - a scroll of teleportation
 n - 3 scrolls of remove curse
 A - a scroll of blinking
 H - a scroll of magic mapping
Potions
 c - a potion of brilliance
 d - 2 potions of might
 g - a potion of cancellation
 p - 2 potions of mutation {unknown}
 r - 3 potions of haste {unknown}
 s - a potion of ambrosia {unknown}
 t - 2 potions of poison {unknown}
 u - 4 potions of heal wounds {unknown}
 w - a potion of beneficial mutation {unknown}
 B - a potion of cure mutation {unknown}
 C - a potion of resistance {unknown}
 I - 5 potions of lignification {unknown}
 J - 5 potions of curing
 W - 3 potions of agility {unknown}
 X - a potion of magic {unknown}
Books
 o - a book of the Warp

   Spells                             Type                      Level
   a - Recall                         Summoning/Translocation      3
   b - Gell's Gravitas                Hexes/Translocation          3
   c - Force Lance                    Conjuration/Translocation    4
   d - Phase Shift                    Translocation                5
   e - Warp Weapon                    Charms/Translocation         5
   f - Summon Forest                  Summoning/Translocation      5
 x - a manual of Polearms


   Skills:
 - Level 13.3 Fighting
   Level 12.0 Maces & Flails
 * Level 8.5 Polearms
 - Level 13.3 Armour
   Level 6.0 Shields


You had 12 spell levels left.
You didn't know any spells.

Dungeon Overview and Level Annotations

Branches:
Dungeon (11/15)            Temple (0/1) D:6            Lair (2/8) D:11
    Orc (0/4) D:10

Altars:
Ashenzari
Cheibriados
Dithmenos
Elyvilon
Fedhas
Gozag
Kikubaaqudgha
Nemelex Xobeh
Okawaru
Qazlal
Trog
Xom

Shops:
D:4 =   D:8 (


Innate Abilities, Weirdness & Mutations

You are resistant to torment.
Your stone body is resilient (AC +9).
You are immune to poison.
You resist negative energy.
You are resistant to electric shocks.
You can survive without breathing.
You are immune to petrification.
You are immune to rotting.


Message History

The hungry ghost hits you.
You feel slightly more hungry.
You miss the hungry ghost.
The hungry ghost is heavily damaged.
The hungry ghost hits you.
You feel slightly more hungry.
You completely miss the hungry ghost.
The hungry ghost is heavily damaged.
You lose consciousness!
The hungry ghost hits you.
You feel slightly more hungry. The hungry ghost hits you.
You feel slightly more hungry. The hungry ghost hits you.
You feel slightly more hungry. The hungry ghost hits you.
You feel slightly more hungry. The hungry ghost hits you.
You feel slightly more hungry. The hungry ghost hits you.
You feel slightly more hungry. The hungry ghost hits you.
You feel slightly more hungry. The hungry ghost hits you.
You feel slightly more hungry. The hungry ghost hits you.
You feel slightly more hungry. The hungry ghost hits you.
You have starved to death.
You die...
Your body crumbles into a pile of gold.

. . #.....
. #.# #.#
#.# .#.#
#.#.##
###...# #
.. .
#(.#... #
#.. . ....#
#...###...#
##.
##...@W#
...
.#...#.# ##
#### ## ..
## # # # .
. .#. # #
### # ...
.# #.### #


You could see a hungry ghost.

Vanquished Creatures
  A white draconian (IceCv)
  Josephine (D:11)
  A hydra (Lair:1)
  Erolcha (D:9)
  A death yak (IceCv)
  The ghost of st0uf the Destroyer, a novice DgCj (D:7)
  3 hill giants
  Pikel (D:7)
  An unseen horror (D:10)
  An ugly thing (D:11)
  An ice statue (IceCv)
  3 centaur skeletons
  20 polar bears (IceCv)
  Grinder (D:5)
  Prince Ribbit (D:9)
  A two-headed ogre (D:9)
  Sigmund (D:3)
  A trapdoor spider (D:8)
  A wyvern (D:7)
  A shadow (D:11)
  The ghost of ventricule the Cudgeler, an amateur TeAM (Sewer)
  Grum (Lair:1)
  7 hungry ghosts
  5 wraiths (D:11)
  19 yaks
  5 hippogriffs
  Menkaure (D:7)
  3 water moccasins
  18 wolves
  3 wargs (D:10)
  A mottled dragon (D:11)
  9 ice beasts
  A porcupine (Lair:1)
  5 black bears
  4 orc warriors
  A wasp (D:11)
  2 sky beasts
  4 slaves (D:7)
  2 necrophages
  6 ogres
  A phantom (D:9)
  A centaur (D:9)
  6 big kobolds
  9 giant frogs
  A gnoll sergeant (D:8)
  A scorpion (D:6)
  19 killer bees
  An electric eel (D:9)
  3 wights (D:9)
  A troll skeleton (Lab)
  4 crimson imps
  2 spriggan skeletons (Lab)
  4 orc priests
  A giant frog zombie (D:5)
  5 hounds
  Crazy Yiuf (D:3)
  3 jellies
  2 giant frog skeletons
  9 orc wizards
  2 iguanas (D:8)
  3 worker ants
  An ogre skeleton (Lab)
  A hound skeleton (D:5)
  12 gnolls
  A worker ant zombie (D:7)
  10 adders
  13 river rats
  A shadow imp (D:5)
  7 oozes
  An adder zombie (D:7)
  9 worms
  6 giant geckos
  28 orcs
  9 ball pythons
  9 giant cockroaches
  8 hobgoblins
  8 jackals
  5 quokkas
  7 bats
  A giant gecko zombie (D:5)
  10 giant newts
  2 goblins
  2 jackal skeletons
  19 kobolds
  A quokka zombie (D:5)
  15 rats
  A fungus (Lair:1)
407 creatures vanquished.

Vanquished Creatures (others)
  A fungus (Lair:1)
1 creature vanquished.

Grand Total: 408 creatures vanquished

Notes
Turn   | Place    | Note
--------------------------------------------------------------
     0 | D:1      | septik the Gargoyle Fighter began the quest for the Orb.
     0 | D:1      | Reached XP level 1. HP: 14/14 MP: 1/1
     0 | D:1      | Noticed a jelly
     1 | D:1      | Found a runed door.
    68 | D:1      | Reached XP level 2. HP: 12/19 MP: 2/2
   146 | D:1      | Reached XP level 3. HP: 19/24 MP: 3/3
   153 | D:1      | Reached skill level 4 in Fighting
   189 | D:1      | Killed a jelly
   189 | D:1      | Reached XP level 4. HP: 10/29 MP: 4/4
  1435 | D:2      | Found a stormy altar of Qazlal.
  1510 | D:2      | Reached XP level 5. HP: 30/34 MP: 5/5
  1915 | D:3      | Noticed Sigmund
  1945 | D:3      | Killed Sigmund
  1945 | D:3      | Reached XP level 6. HP: 35/39 MP: 6/6
  2136 | D:3      | Found an opulent altar of Gozag.
  2235 | D:3      | Became a worshipper of Gozag Ym Sagoz the Greedy
  2884 | D:3      | Noticed Crazy Yiuf
  2913 | D:3      | Killed Crazy Yiuf
  3240 | D:4      | Found Baanat's Jewellery Shoppe.
  3523 | D:4      | Reached skill level 5 in Fighting
  3670 | D:5      | Entered Level 5 of the Dungeon
  3679 | D:5      | Reached XP level 7. HP: 42/44 MP: 7/7
  3698 | D:5      | Noticed Grinder
  3706 | D:5      | Killed Grinder
  3706 | D:5      | Reached skill level 5 in Maces & Flails
  3706 | D:5      | Reached skill level 5 in Armour
  3706 | D:5      | Reached skill level 5 in Shields
  3822 | D:5      | Found a shadowy altar of Dithmenos.
  4397 | D:5      | Reached XP level 8. HP: 50/50 MP: 8/8
  4444 | D:5      | Found a snail-covered altar of Cheibriados.
  4634 | D:4      | Bought an uncursed amulet of clarity for 200 gold pieces
  4715 | D:6      | Found a staircase to the Ecumenical Temple.
  4752 | D:6      | Reached skill level 6 in Fighting
  4777 | D:6      | Found a bloodstained altar of Trog.
  4806 | D:6      | Found a glowing drain.
  4861 | Sewer    | Entered a sewer
  4861 | Sewer    | Noticed ventricule's ghost (amateur TeAM)
  4881 | Sewer    | Killed ventricule's ghost
  5238 | Sewer    | Reached skill level 7 in Maces & Flails
  5276 | Sewer    | Reached XP level 9. HP: 56/56 MP: 9/9
  5750 | D:6      | Found a white marble altar of Elyvilon.
  6156 | D:7      | Noticed Pikel
  6223 | D:7      | Killed Pikel
  6223 | D:7      | Reached skill level 8 in Maces & Flails
  6291 | D:7      | Noticed st0uf's ghost (novice DgCj)
  6614 | D:7      | Killed st0uf's ghost
  6656 | D:7      | Reached skill level 9 in Maces & Flails
  6705 | D:7      | Noticed Menkaure
  6722 | D:7      | Reached XP level 10. HP: 22/64 MP: 10/10
  6730 | D:7      | Killed Menkaure
  7203 | D:7      | Found a shimmering altar of Xom.
  7275 | D:7      | Reached skill level 10 in Maces & Flails
  7564 | D:8      | Found a sparkling altar of Nemelex Xobeh.
  7671 | D:8      | Found an iron altar of Okawaru.
  7897 | D:8      | Found an ancient bone altar of Kikubaaqudgha.
  8241 | D:8      | Got an opalescent robe
  8376 | D:9      | Found a blossoming altar of Fedhas.
  8456 | D:9      | Noticed Erolcha
  8477 | D:9      | Killed Erolcha
  8477 | D:9      | Reached skill level 11 in Maces & Flails
  8608 | D:9      | Reached XP level 11. HP: 69/71 MP: 11/11
  8712 | D:9      | Identified the +1 robe of the Seven Runes {rElec Str-2 Dex+2} (You found it on level 8 of the Dungeon)
  8929 | D:9      | Found a white marble altar of Elyvilon.
  8940 | D:9      | Noticed Prince Ribbit
  9163 | D:9      | Killed Prince Ribbit
  9533 | D:10     | Entered Level 10 of the Dungeon
  9825 | D:10     | Found a staircase to the Orcish Mines.
  9926 | D:10     | Noticed a hill giant
  9939 | D:10     | Killed a hill giant
  9939 | D:10     | Reached skill level 10 in Fighting
 10299 | D:10     | Killed an unseen horror
 10299 | D:10     | Reached skill level 12 in Maces & Flails
 10299 | D:10     | Reached skill level 10 in Armour
 10382 | D:10     | Noticed a hill giant
 10394 | D:10     | Killed a hill giant
 10692 | D:11     | Noticed a hill giant
 10702 | D:11     | Killed a hill giant
 10733 | D:11     | Found a shattered altar of Ashenzari.
 10787 | D:11     | Found a frozen archway.
 10878 | D:11     | Reached XP level 12. HP: 63/80 MP: 12/12
 10886 | IceCv    | Entered an ice cave
 12083 | IceCv    | Noticed a death yak
 12083 | IceCv    | Noticed a white draconian
 12098 | IceCv    | Killed a death yak
 12112 | IceCv    | Killed a white draconian
 12112 | IceCv    | Reached skill level 13 in Fighting
 12143 | IceCv    | Reached XP level 13. HP: 33/88 MP: 13/13
 12422 | D:11     | Noticed Josephine
 12437 | D:11     | Killed Josephine
 12461 | D:11     | Reached skill level 5 in Polearms
 12723 | D:11     | Found a staircase to the Lair.
 12955 | Lair:1   | Entered Level 1 of the Lair of Beasts
 13557 | Lair:1   | Noticed Grum
 13574 | Lair:1   | Killed Grum
 14063 | Lair:2   | Found a labyrinth entrance.
 14072 | Lab      | Entered a labyrinth
 14369 | Lab      | Starved to death

Action                   |  1- 3 |  4- 6 |  7- 9 | 10-12 | 13-15 || total
-------------------------+-------+-------+-------+-------+-------++-------
Melee: Flail             |    73 |   190 |   460 |   781 |     3 ||  1507
       Mace              |       |    37 |   146 |       |       ||   183
       War axe           |       |    23 |       |       |       ||    23
       Whip              |       |       |    32 |   387 |       ||   419
       Glaive            |       |       |       |       |   267 ||   267
Throw: Stone             |       |     3 |       |       |     1 ||     4
Invok: Call Merchant     |       |       |       |     1 |       ||     1
       Potion Petition   |       |       |       |     1 |       ||     1
  Use: Scroll            |       |       |    12 |     8 |     1 ||    21
       Potion            |       |       |       |     2 |       ||     2
 Stab: Distracted        |       |       |     1 |    13 |     1 ||    15
  Eat: Chunk             |       |     5 |       |       |       ||     5
       Meat ration       |       |     1 |     2 |     1 |       ||     4
       Royal jelly       |       |     1 |       |     1 |       ||     2
       Pizza             |       |       |       |     2 |       ||     2
       Beef jerky        |       |       |       |     2 |       ||     2
       Bread ration      |       |       |       |     2 |     3 ||     5
       Fruit             |       |       |       |       |    19 ||    19
